[Event "ICC tourney 2544 (75 10)"]
[Site "Internet Chess Club"]
[Date "2021.05.02"]
[Round "4"]
[White "MCQUILLIN, DANIL ALSANDAIR:DanilMcQuillin"]
[Black "HAUGHT-TROMP, MATTHEW:MatthewHT"]
[Result "1-0"]
[ICCResult "Black resigns"]
[WhiteElo "1380"]
[BlackElo "1097"]
[Opening "English: Mikenas-Carls, Sicilian variation"]
[ECO "A19"]
[NIC "EO.54"]
[Time "11:01:10"]
[PlyCount "83"]
[TimeControl "4500+10"]

1. c4 e6 2. Nc3 Nf6 3. e4 c5 4. e5 Ng8 5. Nf3 Nc6 6. d4 cxd4 7. Nxd4 Nxe5
8. Ndb5 a6 9. Nd6+ Bxd6 10. Qxd6 Nf6 11. Qxe5 b5 12. Qd6 bxc4 13. Bxc4 Bb7
14. O-O Rc8 15. Bd3 Qc7 16. Qxc7 Rxc7 17. Bf4 d6 18. Rfd1 e5 19. Bg5 d5 20.
Rac1 Rd7 21. Na4 O-O 22. Nc5 Rc7 23. Nxa6 Rxc1 24. Rxc1 Re8 25. Nc5 Ba8 26.
b4 e4 27. Be2 d4 28. b5 Nd5 29. Bc4 Nb6 30. Bb3 Bd5 31. a4 Bxb3 32. Nxb3 h6
33. a5 hxg5 34. axb6 Rb8 35. Rc6 d3 36. Kf1 g6 37. Na5 Rd8 38. Ke1 Rd5 39.
b7 Rxb5 40. Rc8+ Kh7 41. b8=Q Rxb8 42. Rxb8 { Black resigns } 1-0

[Event "ICC tourney 2544 (75 10)"]
[Site "Internet Chess Club"]
[Date "2021.05.02"]
[Round "4"]
[White "YAMASAKI, DAWSON YOSHIO:Darston"]
[Black "HELLER, JACK G:Maximusiv"]
[Result "1-0"]
[ICCResult "Black resigns"]
[WhiteElo "1211"]
[BlackElo "1008"]
[Opening "Budapest: Rubinstein variation"]
[ECO "A52"]
[NIC "QG.01"]
[Time "11:01:12"]
[PlyCount "79"]
[TimeControl "4500+10"]

1. d4 Nf6 2. c4 e5 3. dxe5 Ng4 4. Bf4 g5 5. Bg3 Bg7 6. Nf3 Nc6 7. e4 Ngxe5
8. Nxe5 Nxe5 9. Nc3 O-O 10. Be2 d6 11. O-O Be6 12. Nd5 c6 13. Ne3 h5 14.
Bxh5 Nxc4 15. Nxc4 Bxc4 16. Be2 Bxb2 17. Bxc4 Bxa1 18. Qxa1 Re8 19. f3 b5
20. Bb3 Qe7 21. Qc3 c5 22. Rd1 Red8 23. Bd5 Rab8 24. Qe1 Kg7 25. e5 dxe5
26. Bxe5+ Kg8 27. Bxb8 Qxe1+ 28. Rxe1 Rxb8 29. Re7 c4 30. Rxf7 Kh8 31. Kf2
c3 32. Rc7 b4 33. Ke2 Re8+ 34. Be4 Rd8 35. Bd3 Re8+ 36. Kd1 Rd8 37. Kc2 a5
38. Ra7 Rd5 39. h4 gxh4 40. Rh7+ { Black resigns } 1-0

[Event "ICC tourney 2544 (75 10)"]
[Site "Internet Chess Club"]
[Date "2021.05.02"]
[Round "4"]
[White "CHATTERJEE, SIDDHARTHA:greenlime2007"]
[Black "Xia, Joshua:MathMonkey"]
[Result "1-0"]
[ICCResult "Black checkmated"]
[WhiteElo "1288"]
[BlackElo "1381"]
[Opening "Scotch game"]
[ECO "C45"]
[NIC "SO.05"]
[Time "11:01:10"]
[PlyCount "73"]
[TimeControl "4500+10"]

1. e4 e5 2. Nf3 Nc6 3. d4 exd4 4. Nxd4 Bc5 5. Be3 Qf6 6. c3 Nge7 7. Bc4 O-O
8. O-O Ne5 9. Be2 d6 10. Nd2 N7g6 11. b4 Bb6 12. f4 Nc6 13. Nc4 Bxd4 14.
cxd4 Nxb4 15. f5 Ne7 16. Qd2 Nbc6 17. e5 dxe5 18. Bg5 Qxf5 19. Bxe7 Qe4 20.
Bxf8 Qxd4+ 21. Qxd4 Nxd4 22. Bd3 Kxf8 23. Nxe5 f5 24. g4 g6 25. Rac1 c6 26.
Rc4 Nb5 27. gxf5 gxf5 28. Bxf5 Bxf5 29. Rxf5+ Ke7 30. Rh5 Ke6 31. Nxc6 bxc6
32. Rxc6+ Kd7 33. Ra6 Rg8+ 34. Kh1 Nc3 35. Rxh7+ Kd8 36. Raxa7 Kc8 37. Ra8#
{ Black checkmated } 1-0

[Event "ICC tourney 2544 (75 10)"]
[Site "Internet Chess Club"]
[Date "2021.05.02"]
[Round "4"]
[White "SHAH, ADITYA:AdityaShah"]
[Black "CAO, DANIEL:danielcao"]
[Result "1-0"]
[ICCResult "Black checkmated"]
[WhiteElo "997"]
[BlackElo "1244"]
[Opening "Sicilian: Labourdonnais-Löwenthal variation"]
[ECO "B32"]
[NIC "SI.32"]
[Time "11:01:13"]
[PlyCount "115"]
[TimeControl "4500+10"]

1. e4 c5 2. Nf3 Nc6 3. d4 cxd4 4. Nxd4 e5 5. Nf3 Nf6 6. Nc3 Bb4 7. Bd2 Bxc3
8. Bxc3 Nxe4 9. Bxe5 Nxe5 10. Nxe5 Qa5+ 11. c3 Qxe5 12. Qe2 Qe6 13. O-O-O
O-O 14. Rd4 Nf6 15. Qf3 Qxa2 16. Bd3 d5 17. Bb1 Qa6 18. h4 Bg4 19. Qg3 Ne4
20. Qxg4 Nxf2 21. Bxh7+ Kxh7 22. Qh5+ Qh6+ 23. Qxh6+ Kxh6 24. Rf1 Ne4 25.
Rxd5 Ng3 26. Rf3 Nh5 27. g4 Nf6 28. g5+ Kg6 29. gxf6 gxf6 30. Rg3+ Kh6 31.
Rf5 Rae8 32. Rxf6+ Kh5 33. Rgf3 Re7 34. R3f4 Re1+ 35. Kc2 Rh1 36. Rxf7 Rxf7
37. Rxf7 Rxh4 38. Rxb7 Ra4 39. Kb3 Ra6 40. Kc4 Kg5 41. Kb5 Ra2 42. b4 Kf6
43. c4 Ke6 44. c5 Kd5 45. c6 a6+ 46. Kb6 Rc2 47. c7 Rc6+ 48. Ka7 Kd6 49.
Kb8 Rxc7 50. Rxc7 a5 51. bxa5 Kd5 52. a6 Kd6 53. a7 Ke5 54. a8=Q Kf4 55.
Qd5 Ke3 56. Qb3+ Kd2 57. Rc2+ Kd1 58. Qb1# { Black checkmated } 1-0

[Event "ICC tourney 2544 (75 10)"]
[Site "Internet Chess Club"]
[Date "2021.05.02"]
[Round "4"]
[White "KHAN, SAMI:sami786"]
[Black "HOSUR, SANMITA:phosur"]
[Result "1-0"]
[ICCResult "Black resigns"]
[WhiteElo "1036"]
[BlackElo "1270"]
[Opening "QGD: exchange, positional line"]
[ECO "D35"]
[NIC "QO.16"]
[Time "11:01:10"]
[PlyCount "99"]
[TimeControl "4500+10"]

1. d4 d5 2. c4 e6 3. Nc3 Nf6 4. cxd5 exd5 5. Bg5 Be7 6. e3 c6 7. Bd3 Nbd7
8. Nge2 O-O 9. O-O Re8 10. Qc2 h6 11. Bh4 b6 12. f3 c5 13. Bf2 c4 14. Bf5
Nf8 15. Bxc8 Rxc8 16. h3 a6 17. e4 Bb4 18. e5 N6h7 19. a3 Be7 20. Nf4 Bh4
21. Nfxd5 Bxf2+ 22. Qxf2 f6 23. f4 Nd7 24. Rad1 Rf8 25. e6 Qe8 26. exd7
Qxd7 27. Nxb6 Qb7 28. Nxc8 Rxc8 29. Qe2 Nf8 30. Rfe1 Ng6 31. Qe6+ Kh8 32.
Qe4 Qxb2 33. Qxg6 Qxc3 34. Re8+ Rxe8 35. Qxe8+ Kh7 36. Qe4+ Kh8 37. Re1
Qxa3 38. Qe8+ Kh7 39. f5 Qg3 40. Qg6+ Qxg6 41. fxg6+ Kxg6 42. Rc1 Kf5 43.
Rxc4 Ke4 44. Kf2 Kd3 45. d5 Kxc4 46. d6 a5 47. d7 a4 48. d8=Q a3 49. Qb6 a2
50. Qb2 { Black resigns } 1-0

[Event "ICC tourney 2544 (75 10)"]
[Site "Internet Chess Club"]
[Date "2021.05.02"]
[Round "4"]
[White "MADSEN, STUART:gmstuartscott"]
[Black "Traynor, Zach:ztraynor"]
[Result "0-1"]
[ICCResult "White checkmated"]
[WhiteElo "895"]
[BlackElo "1194"]
[Opening "QGD Slav: 3.Nf3"]
[ECO "D11"]
[NIC "SL.01"]
[Time "11:01:16"]
[PlyCount "102"]
[TimeControl "4500+10"]

1. d4 d5 2. c4 c6 3. Nf3 Bf5 4. Nc3 Nf6 5. e3 e6 6. a3 Nbd7 7. Be2 dxc4 8.
Bxc4 Nb6 9. Bb3 Bd6 10. O-O O-O 11. Re1 Qc7 12. e4 Ng4 13. g3 Bg6 14. e5
Be7 15. h3 Nh6 16. Bxh6 gxh6 17. h4 Bh5 18. Qd3 Rad8 19. Bc2 Bg6 20. Qd2
Kg7 21. Bxg6 hxg6 22. Re4 f5 23. exf6+ Rxf6 24. Ne5 Bd6 25. Rae1 Bxe5 26.
Rxe5 Nc4 27. Qe2 Nxe5 28. dxe5 Rf5 29. f4 g5 30. hxg5 hxg5 31. Kg2 Kg6 32.
Rh1 Qf7 33. Qh5+ Kg7 34. Qh7+ Kf8 35. Qh6+ Ke7 36. Ne4 gxf4 37. Qh4+ Ke8
38. Nd6+ Rxd6 39. exd6 f3+ 40. Kf2 Kd7 41. Rd1 Qf6 42. Qh7+ Qf7 43. Qh8 Rh5
44. Qb8 Rh2+ 45. Ke3 Re2+ 46. Kd3 Qf5+ 47. Kc3 Qc2+ 48. Kd4 Qxd1+ 49. Kc5
Rc2+ 50. Kb4 Qd4+ 51. Kb3 Qc4# { White checkmated } 0-1

[Event "ICC tourney 2544 (75 10)"]
[Site "Internet Chess Club"]
[Date "2021.05.02"]
[Round "4"]
[White "NAIR, PRANAV PRASANTH:pkcl"]
[Black "LIU, JOSHUA:JoshL333"]
[Result "0-1"]
[ICCResult "White checkmated"]
[WhiteElo "1251"]
[BlackElo "1199"]
[Opening "Réti opening"]
[ECO "A04"]
[NIC "QP.11"]
[Time "11:01:09"]
[PlyCount "154"]
[TimeControl "4500+10"]

1. Nf3 e6 2. g3 d5 3. d3 Nf6 4. Bg2 Bd6 5. c3 c5 6. O-O O-O 7. Nbd2 Nc6 8.
Re1 e5 9. e4 d4 10. cxd4 cxd4 11. Nc4 h6 12. Bd2 Be6 13. Nxd6 Qxd6 14. Rc1
Bxa2 15. Ra1 Be6 16. Ra3 Qd7 17. Qc1 Kh7 18. Qa1 Bg4 19. Ba5 Bxf3 20. Bxf3
Nxa5 21. Rxa5 Rfe8 22. Rxa7 Rxa7 23. Qxa7 Qb5 24. Qa3 Rc8 25. Bd1 Rc1 26.
Kg2 Rb1 27. Ba4 Qxb2 28. Qxb2 Rxb2 29. Bd1 b5 30. Be2 b4 31. Bd1 b3 32.
Bxb3 Rxb3 33. Rd1 Nd7 34. Kf3 Nc5 35. Ke2 Rc3 36. h4 h5 37. f3 Kh6 38. f4
f6 39. fxe5 fxe5 40. Rd2 g5 41. Rd1 gxh4 42. gxh4 Rc2+ 43. Kf3 Rc3 44. Ke2
Ne6 45. Ra1 Nf4+ 46. Kf1 Nxd3 47. Ra6+ Kg7 48. Ra7+ Kf6 49. Ra6+ Ke7 50.
Ra7+ Kd6 51. Ra6+ Rc6 52. Ra3 Nf4 53. Rg3 d3 54. Ke1 Rc2 55. Kd1 Kc5 56.
Rxd3 Nxd3 57. Kxc2 Kd4 58. Kd2 Kxe4 59. Ke2 Nf4+ 60. Kf2 Ng6 61. Ke1 Nxh4
62. Kf1 Kf3 63. Ke1 e4 64. Kf1 e3 65. Ke1 e2 66. Kd2 Kf2 67. Kd3 e1=Q 68.
Kc4 Qd2 69. Kc5 Qd3 70. Kc6 Qd4 71. Kc7 Qd5 72. Kc8 Qf7 73. Kd8 Nf5 74. Kc8
Qe7 75. Kb8 Qd7 76. Ka8 Nd6 77. Kb8 Qb7# { White checkmated } 0-1

[Event "ICC tourney 2544 (75 10)"]
[Site "Internet Chess Club"]
[Date "2021.05.02"]
[Round "4"]
[White "NOONA, TANUJ:tanuj07"]
[Black "BOSE, SIDDHARTH:siddharthbose"]
[Result "0-1"]
[ICCResult "White checkmated"]
[WhiteElo "926"]
[BlackElo "1216"]
[Opening "Réti opening"]
[ECO "A05"]
[NIC "QP.11"]
[Time "11:01:28"]
[PlyCount "124"]
[TimeControl "4500+10"]

1. Nf3 Nf6 2. g3 e6 3. Bg2 d5 4. O-O Be7 5. d3 O-O 6. c3 c5 7. Nbd2 b6 8.
e4 dxe4 9. dxe4 Bb7 10. e5 Nd5 11. Qc2 Nd7 12. Rd1 f6 13. exf6 N7xf6 14.
Nf1 Qc8 15. Ne3 Nxe3 16. Bxe3 Ng4 17. Qe2 Nxe3 18. fxe3 Qc7 19. Rd2 Rf7 20.
Rad1 Bf6 21. Ne1 Re8 22. Bxb7 Qxb7 23. Ng2 Bg5 24. Qb5 Ref8 25. Rd7 Qf3 26.
Rxf7 Bxe3+ 27. Nxe3 Qxe3+ 28. Kg2 Qe4+ 29. Kh3 Kxf7 30. Qd3 Qxd3 31. Rxd3
Ke7 32. Kg2 Rd8 33. Rxd8 Kxd8 34. Kf3 Ke7 35. Ke4 Kf6 36. h4 h5 37. b3 b5
38. a3 a6 39. c4 bxc4 40. bxc4 a5 41. a4 g6 42. Kf4 e5+ 43. Ke4 Ke6 44. Ke3
Kf5 45. Kf3 e4+ 46. Ke3 Ke5 47. Kd2 Kd4 48. Ke2 e3 49. Kd1 Kd3 50. Ke1 e2
51. g4 hxg4 52. h5 gxh5 53. Kf2 g3+ 54. Ke1 g2 55. Kf2 g1=Q+ 56. Kxg1 e1=Q+
57. Kg2 Qe4+ 58. Kg3 h4+ 59. Kh3 Qg6 60. Kxh4 Ke4 61. Kh3 Kf3 62. Kh2 Qg2#
{ White checkmated } 0-1

[Event "ICC tourney 2544 (75 10)"]
[Site "Internet Chess Club"]
[Date "2021.05.02"]
[Round "4"]
[White "LIU, KEVIN:kevin2010"]
[Black "FINETTE, STEVEN:chess278"]
[Result "0-1"]
[ICCResult "White resigns"]
[WhiteElo "1175"]
[BlackElo "1306"]
[Opening "Queen's pawn game"]
[ECO "D05"]
[NIC "QP.06"]
[Time "11:01:15"]
[PlyCount "42"]
[TimeControl "4500+10"]

1. d4 Nf6 2. Nf3 e6 3. e3 d5 4. Bd3 Bd6 5. O-O O-O 6. Nbd2 Nbd7 7. Re1 b6
8. e4 dxe4 9. Nxe4 Bb7 10. Nxd6 cxd6 11. Bf4 Qe7 12. c4 Rac8 13. b3 h6 14.
Qd2 Nh5 15. Be3 f5 16. Qc2 Rf6 17. Nh4 g5 18. Nf3 Qg7 19. h3 g4 20. hxg4
Qxg4 21. Qe2 Rg6 { White resigns } 0-1

[Event "ICC tourney 2544 (75 10)"]
[Site "Internet Chess Club"]
[Date "2021.05.02"]
[Round "4"]
[White "Kirumaki, Shreya A:Chesspenguin123"]
[Black "CHAPMAN, JOSHUA:Crusha777"]
[Result "0-1"]
[ICCResult "White checkmated"]
[WhiteElo "1198"]
[BlackElo "1371"]
[Opening "Scotch gambit: Benima defense"]
[ECO "C50"]
[NIC "IG.03"]
[Time "11:01:14"]
[PlyCount "158"]
[TimeControl "4500+10"]

1. e4 e5 2. Nf3 Nc6 3. Bc4 Be7 4. d4 exd4 5. Nxd4 d6 6. O-O Nf6 7. Nc3 O-O
8. Bf4 Nxd4 9. Qxd4 Be6 10. Rfe1 Bxc4 11. Qxc4 Nh5 12. Be3 c6 13. Rad1 Qa5
14. f4 Nf6 15. Rd2 Ng4 16. Bd4 Qh5 17. h3 Nh6 18. b4 a6 19. a4 Qh4 20. Rf1
Kh8 21. b5 c5 22. Be3 Rfd8 23. f5 Nxf5 24. Bf2 Qf4 25. Be1 Qe3+ 26. Kh2 Nh6
27. Nd5 Qg5 28. Qd3 Bf8 29. bxa6 bxa6 30. Nc7 Ra7 31. Nd5 f6 32. Nf4 Re8
33. Qc4 Qe5 34. Re2 g5 35. Bc3 Qe7 36. Nh5 Qe6 37. Qxe6 Rxe6 38. Nxf6 Bg7
39. Re3 Rf7 40. Ref3 Ng8 41. Nxg8 Rxf3 42. Rxf3 Kxg8 43. Bxg7 Kxg7 44. Re3
Kf6 45. Kg3 Ke5 46. Kf3 Rf6+ 47. Ke2 Rf4 48. Kd3 Rf2 49. g4 Kf4 50. c4 Rf3
51. Rxf3+ Kxf3 52. a5 h6 53. Kd2 Kxe4 54. Ke2 Kd4 55. Kf3 Kxc4 56. Ke4 d5+
57. Kf5 d4 58. Kg6 d3 59. Kxh6 d2 60. h4 gxh4 61. g5 d1=Q 62. g6 Qd2+ 63.
Kh7 Qd7+ 64. g7 h3 65. Kg6 Qe8+ 66. Kh7 Qh5+ 67. Kg8 h2 68. Kf8 Qf5+ 69.
Ke7 Qg5+ 70. Kf8 h1=Q 71. g8=Q+ Qxg8+ 72. Kxg8 Kd4 73. Kf8 c4 74. Ke7 c3
75. Kd6 c2 76. Kc7 c1=Q+ 77. Kb6 Qhf1 78. Ka7 Qc7+ 79. Ka8 Qf8# { White
checkmated } 0-1

[Event "ICC tourney 2544 (75 10)"]
[Site "Internet Chess Club"]
[Date "2021.05.02"]
[Round "5"]
[White "Perera, Kevin:kevinp"]
[Black "YAMASAKI, DAWSON YOSHIO:Darston"]
[Result "0-1"]
[ICCResult "White checkmated"]
[WhiteElo "1054"]
[BlackElo "1211"]
[Opening "QGD semi-Slav: Stoltz variation"]
[ECO "D45"]
[NIC "SL.08"]
[Time "14:31:33"]
[PlyCount "72"]
[TimeControl "4500+10"]

1. Nf3 d5 2. d4 e6 3. c4 Nf6 4. Nc3 c6 5. e3 Nbd7 6. Qc2 Be7 7. b3 O-O 8.
Bb2 b6 9. Bd3 dxc4 10. Bxc4 Bb7 11. Bd3 Rc8 12. Ne5 c5 13. O-O-O cxd4 14.
exd4 h6 15. Bb5 a6 16. Bd3 Nd5 17. Kb1 Ba3 18. Nc4 Bxb2 19. Kxb2 b5 20. Nd6
Rxc3 21. Qb1 Ba8 22. Bh7+ Kh8 23. Ne4 Rc8 24. Nd6 Rc6 25. Ne4 N7f6 26. Nxf6
Nxf6 27. Bd3 Qa5 28. Rhe1 Qc3+ 29. Ka3 b4+ 30. Ka4 Rb6 31. Rc1 Bc6+ 32. Ka5
Qxd4 33. Rc4 Qd5+ 34. Kxb6 Rb8+ 35. Kc7 Qd7+ 36. Kxb8 Qb7# { White
checkmated } 0-1

[Event "ICC tourney 2544 (75 10)"]
[Site "Internet Chess Club"]
[Date "2021.05.02"]
[Round "5"]
[White "Xia, Joshua:MathMonkey"]
[Black "LIU, JOSHUA:JoshL333"]
[Result "0-1"]
[ICCResult "White checkmated"]
[WhiteElo "1381"]
[BlackElo "1199"]
[Opening "French: Tarrasch, open, 4.ed ed"]
[ECO "C08"]
[NIC "FR.20"]
[Time "14:31:36"]
[PlyCount "98"]
[TimeControl "4500+10"]

1. e4 e6 2. d4 d5 3. Nd2 c5 4. exd5 exd5 5. Bb5+ Nc6 6. Ngf3 Nf6 7. O-O Be7
8. dxc5 O-O 9. Nb3 a6 10. Bd3 h6 11. c3 Be6 12. Nbd4 Bxc5 13. Nxc6 bxc6 14.
Qa4 Bd7 15. Qh4 Ne4 16. Qxd8 Rfxd8 17. Bf4 g5 18. Be5 f6 19. Bd4 Bxd4 20.
Nxd4 c5 21. Bxe4 dxe4 22. Nb3 Rdc8 23. Rfd1 Be6 24. Rd6 Kf7 25. Na5 f5 26.
c4 Rd8 27. Rad1 Rxd6 28. Rxd6 Ra7 29. b3 Ke7 30. Rc6 Rd7 31. g3 f4 32. h4
Rd1+ 33. Kh2 e3 34. fxe3 fxe3 35. Nb7 e2 36. Nxc5 e1=Q 37. Rxe6+ Qxe6 38.
Nxe6 Kxe6 39. hxg5 hxg5 40. Kh3 Ra1 41. Kg4 Kf6 42. c5 Rxa2 43. c6 Rc2 44.
c7 Rxc7 45. Kh5 Rb7 46. Kh6 Rxb3 47. Kh7 Rxg3 48. Kg8 Rh3 49. Kf8 Rh8# {
White checkmated } 0-1

[Event "ICC tourney 2544 (75 10)"]
[Site "Internet Chess Club"]
[Date "2021.05.02"]
[Round "5"]
[White "Traynor, Zach:ztraynor"]
[Black "NAIR, PRANAV PRASANTH:pkcl"]
[Result "1-0"]
[ICCResult "Black checkmated"]
[WhiteElo "1194"]
[BlackElo "1251"]
[Opening "Réti opening"]
[ECO "A04"]
[NIC "QP.11"]
[Time "14:31:33"]
[PlyCount "41"]
[TimeControl "4500+10"]

1. Nf3 d6 2. c4 Nf6 3. g3 c6 4. Bg2 e5 5. O-O Be7 6. d4 Nbd7 7. Nc3 O-O 8.
Qc2 h6 9. Rd1 Qc7 10. b4 b6 11. Ne4 Nxe4 12. Qxe4 Nf6 13. Qe3 exd4 14. Nxd4
Bb7 15. Nf5 Rfe8 16. Nxg7 Kxg7 17. Qxh6+ Kg8 18. Bb2 c5 19. Bxb7 Qxb7 20.
Rd5 Nh7 21. Qg7# { Black checkmated } 1-0

[Event "ICC tourney 2544 (75 10)"]
[Site "Internet Chess Club"]
[Date "2021.05.02"]
[Round "5"]
[White "CAO, DANIEL:danielcao"]
[Black "DESAI, ESHA:lemonbar"]
[Result "1/2-1/2"]
[ICCResult "Game drawn because neither player has mating material"]
[WhiteElo "1244"]
[BlackElo "913"]
[Opening "Two knights defense"]
[ECO "C58"]
[NIC "KP.01"]
[Time "14:31:56"]
[PlyCount "142"]
[TimeControl "4500+10"]

1. e4 e5 2. Nf3 Nc6 3. Bc4 Nf6 4. Ng5 d5 5. exd5 Na5 6. Bb5+ c6 7. dxc6
bxc6 8. Bd3 h6 9. Ne4 Nxe4 10. Bxe4 Bb7 11. O-O Bd6 12. Nc3 O-O 13. a3 c5
14. Bxb7 Nxb7 15. Qf3 Rb8 16. Ne4 Re8 17. d3 Re6 18. Be3 Qc7 19. c4 Rg6 20.
Nc3 e4 21. Qxe4 Bxh2+ 22. Kh1 Bd6 23. Nd5 Qd7 24. f3 Re8 25. Qh4 Bg3 26.
Qh5 Re5 27. Qh3 Qxh3+ 28. gxh3 Bh4 29. f4 Re8 30. Rg1 Rg3 31. Rxg3 Bxg3 32.
Rg1 Bh4 33. f5 Kh8 34. b4 cxb4 35. axb4 a5 36. bxa5 Nxa5 37. Bd4 f6 38. Rg4
Re1+ 39. Kg2 Bg5 40. Bc3 Re2+ 41. Kf3 Ra2 42. Bxa5 Rxa5 43. Re4 Kh7 44. Kg4
g6 45. Re7+ Kg8 46. fxg6 f5+ 47. Kxf5 Bxe7 48. Ke6 Bh4 49. d4 Kg7 50. Nf4
Ra6+ 51. Kf5 Bg5 52. Ne6+ Kg8 53. Nxg5 hxg5 54. Kxg5 Kg7 55. Kf5 Rxg6 56.
c5 Rc6 57. Ke5 Kf7 58. Kd5 Rc7 59. Kd6 Rc8 60. Kd7 Re8 61. c6 Re7+ 62. Kd8
Re8+ 63. Kc7 Ke6 64. Kb7 Kd5 65. c7 Kxd4 66. c8=Q Rxc8 67. Kxc8 Ke5 68. h4
Kf6 69. h5 Kg7 70. Kd7 Kh6 71. Ke6 Kxh5 { Game drawn because neither player
has mating material } 1/2-1/2

[Event "ICC tourney 2544 (75 10)"]
[Site "Internet Chess Club"]
[Date "2021.05.02"]
[Round "5"]
[White "HOSUR, SANMITA:phosur"]
[Black "SHAH, ADITYA:AdityaShah"]
[Result "0-1"]
[ICCResult "White checkmated"]
[WhiteElo "1270"]
[BlackElo "997"]
[Opening "Giuoco Piano"]
[ECO "C54"]
[NIC "IG.02"]
[Time "14:31:34"]
[PlyCount "70"]
[TimeControl "4500+10"]

1. e4 e5 2. Nf3 Nc6 3. Bc4 Bc5 4. c3 Nf6 5. d3 O-O 6. O-O h6 7. a3 d6 8.
Re1 Bg4 9. Nbd2 Ne7 10. Nf1 Ng6 11. h3 Be6 12. Qb3 Bxc4 13. Qxc4 Bb6 14.
Ng3 Re8 15. d4 c6 16. Qd3 d5 17. exd5 exd4 18. Rxe8+ Qxe8 19. dxc6 dxc3 20.
cxb7 cxb2 21. Bxb2 Rb8 22. Bxf6 gxf6 23. Nh5 Qe6 24. Re1 Qc6 25. Qd2 Kh7
26. Qb2 Bd8 27. Rb1 Nf8 28. Qb3 Qe6 29. Qd3+ Ng6 30. Rd1 Bc7 31. Qd7 Qxd7
32. Rxd7 Rxb7 33. Rxf7+ Kg8 34. Rxf6 Rb1+ 35. Ne1 Rxe1# { White checkmated
} 0-1

[Event "ICC tourney 2544 (75 10)"]
[Site "Internet Chess Club"]
[Date "2021.05.02"]
[Round "5"]
[White "STALEY, TIMOTHY:PirateKing"]
[Black "MADSEN, STUART:gmstuartscott"]
[Result "1-0"]
[ICCResult "Black resigns"]
[WhiteElo "852"]
[BlackElo "895"]
[Opening "Queen's pawn, Mason variation"]
[ECO "D00"]
[NIC "QP.08"]
[Time "14:31:39"]
[PlyCount "173"]
[TimeControl "4500+10"]

1. d4 d5 2. Bf4 Nc6 3. Nf3 h6 4. e3 Nf6 5. Bd3 e6 6. Nbd2 Bd6 7. Bxd6 Qxd6
8. O-O e5 9. dxe5 Nxe5 10. Be2 Neg4 11. h3 Ne5 12. Nxe5 Qxe5 13. Rb1 Bxh3
14. Nf3 Qe6 15. Nh2 O-O-O 16. gxh3 Qxh3 17. Bg4+ Nxg4 18. Nxg4 h5 19. Nh2
g5 20. Qf3 Qxf3 21. Nxf3 g4 22. Nh4 Rdg8 23. Kh2 f5 24. Nxf5 h4 25. Ne7+
Kd7 26. Nxg8 Rxg8 27. Rg1 Ke6 28. Rbd1 c6 29. Rd4 Kf5 30. Rf4+ Ke5 31.
Rfxg4 Rf8 32. Rf1 Rh8 33. Kh3 Kf5 34. Rxh4 Rg8 35. Rf4+ Ke5 36. Rg4 Rh8+
37. Kg3 Kf5 38. f3 Rh6 39. Kg2 Re6 40. Kf2 Rh6 41. Rfg1 Rh2+ 42. R1g2 Rh6
43. Rg5+ Kf6 44. Rg7 b6 45. Rxa7 Ke5 46. Re7+ Kd6 47. Reg7 Kc5 48. R7g6 Rh4
49. R6g4 Rh6 50. a3 b5 51. b4+ Kb6 52. Rg6 Rh1 53. Rg1 Rh2+ 54. R6g2 Rh8
55. c3 Ra8 56. Ra1 Rc8 57. e4 dxe4 58. fxe4 Re8 59. Ke3 Re5 60. Kd4 Re7 61.
e5 Rd7+ 62. Ke4 Rd5 63. Rg6 Rd2 64. Rd6 Re2+ 65. Kd3 Rxe5 66. a4 bxa4 67.
Rxa4 Re1 68. Kc4 Re4+ 69. Rd4 Re1 70. Ra8 Kb7 71. Ra5 Kb6 72. Rc5 Ra1 73.
Rd6 Rb1 74. Rdxc6+ Kb7 75. Kb5 Rb2 76. Rb6+ Ka7 77. Rc7+ Ka8 78. Kc6 Rb3
79. Rbb7 Rxc3+ 80. Kb6 Rxc7 81. Rxc7 Kb8 82. Rf7 Kc8 83. Kc6 Kd8 84. b5 Ke8
85. Rh7 Kf8 86. b6 Kg8 87. Ra7 { Black resigns } 1-0

[Event "ICC tourney 2544 (75 10)"]
[Site "Internet Chess Club"]
[Date "2021.05.02"]
[Round "5"]
[White "GUO, MAX:salamenceg"]
[Black "LIU, KEVIN:kevin2010"]
[Result "1-0"]
[ICCResult "Black resigns"]
[WhiteElo "1082"]
[BlackElo "1175"]
[Opening "Sicilian: Kan variation"]
[ECO "B41"]
[NIC "SI.41"]
[Time "14:31:38"]
[PlyCount "55"]
[TimeControl "4500+10"]

1. e4 c5 2. Nf3 e6 3. d4 cxd4 4. Nxd4 a6 5. Be3 Qc7 6. Bd3 Nf6 7. Nc3 Bb4
8. Bd2 O-O 9. Qf3 Nc6 10. Nxc6 bxc6 11. a3 Bd6 12. Bg5 Ne8 13. e5 Bxe5 14.
Be7 Bxc3+ 15. bxc3 Qe5+ 16. Be2 Nc7 17. Bxf8 Kxf8 18. Qg3 Qa5 19. O-O Nd5
20. c4 Nc3 21. Bd3 Kg8 22. Qh4 h6 23. Rae1 Qxa3 24. Qd8+ Qf8 25. Bh7+ Kxh7
26. Qxf8 Bb7 27. Qb4 Na2 28. Qxb7 { Black resigns } 1-0

[Event "ICC tourney 2544 (75 10)"]
[Site "Internet Chess Club"]
[Date "2021.05.02"]
[Round "5"]
[White "FINETTE, STEVEN:chess278"]
[Black "GANAPATHY, AISHWARYA LAKSHMI:alg142"]
[Result "0-1"]
[ICCResult "White resigns"]
[WhiteElo "1306"]
[BlackElo "816"]
[Opening "Réti: Nimzovich-Larsen attack"]
[ECO "A06"]
[NIC "QP.09"]
[Time "14:31:35"]
[PlyCount "66"]
[TimeControl "4500+10"]

1. Nf3 d5 2. b3 c5 3. Bb2 Nc6 4. e3 Nf6 5. Bb5 a6 6. Bxc6+ bxc6 7. O-O Bg4
8. d4 cxd4 9. exd4 e6 10. Nbd2 Bd6 11. Re1 Qc7 12. h3 Bh5 13. c4 Bb4 14.
Re3 O-O 15. a3 Ba5 16. b4 Bb6 17. Qa4 Rfd8 18. Ne5 Rdc8 19. c5 Ba7 20. Qxa6
Bxc5 21. Qd3 Bd6 22. Rc1 Qb7 23. Nb3 Ne4 24. Na5 Rxa5 25. bxa5 Qxb2 26. Rb1
Qxf2+ 27. Kh1 f6 28. Rf1 Qb2 29. Qa6 Rf8 30. Qxc6 fxe5 31. Rxf8+ Bxf8 32.
Qxe6+ Bf7 33. Qg4 Nf2+ { White resigns } 0-1

[Event "ICC tourney 2544 (75 10)"]
[Site "Internet Chess Club"]
[Date "2021.05.02"]
[Round "5"]
[White "Thummala, Vibodh:Vibodh"]
[Black "Kirumaki, Shreya A:Chesspenguin123"]
[Result "0-1"]
[ICCResult "White resigns"]
[WhiteElo "1169"]
[BlackElo "1198"]
[Opening "Queen's pawn game"]
[ECO "A45"]
[NIC "QP.07"]
[Time "14:31:32"]
[PlyCount "94"]
[TimeControl "4500+10"]

1. d4 Nf6 2. e3 d5 3. f4 Bf5 4. Nf3 e6 5. Bd3 Bxd3 6. Qxd3 c5 7. c3 Bd6 8.
O-O O-O 9. Nbd2 Nc6 10. Ne5 Re8 11. Rf3 a6 12. Rh3 g6 13. Ndf3 b5 14. Bd2
Ne4 15. Be1 Nxe5 16. fxe5 Be7 17. Bg3 Nxg3 18. Rxg3 c4 19. Qe2 f6 20. Rf1
Rf8 21. exf6 Bxf6 22. Ne5 Bxe5 23. dxe5 Qe7 24. Rgf3 Rxf3 25. Qxf3 Rf8 26.
Qxf8+ Qxf8 27. Rxf8+ Kxf8 28. Kf2 Kg7 29. Kf3 g5 30. Kg4 Kg6 31. h4 h5+ 32.
Kh3 g4+ 33. Kg3 Kf5 34. Kf2 Kxe5 35. Ke1 Kf5 36. Ke2 e5 37. g3 Ke4 38. Kd2
Kf3 39. b3 Kxg3 40. Kc2 Kf2 41. b4 g3 42. a4 g2 43. a5 g1=Q 44. e4 dxe4 45.
Kb2 e3 46. Kc2 e2 47. Kb2 e1=Q { White resigns } 0-1

[Event "ICC tourney 2544 (75 10)"]
[Site "Internet Chess Club"]
[Date "2021.05.02"]
[Round "5"]
[White "CHAPMAN, JOSHUA:Crusha777"]
[Black "HAUGHT-TROMP, MATTHEW:MatthewHT"]
[Result "0-1"]
[ICCResult "White forfeits on time"]
[WhiteElo "1371"]
[BlackElo "1097"]
[Opening "Queen's pawn game"]
[ECO "E10"]
[NIC "QI.01"]
[Time "14:31:36"]
[PlyCount "54"]
[TimeControl "4500+10"]

1. c4 e6 2. d4 Nf6 3. Nf3 d5 4. e3 Be7 5. Bd3 O-O 6. O-O dxc4 7. Bxc4 a6 8.
Bd3 c5 9. Nbd2 Nc6 10. Nb3 Nb4 11. Bb1 c4 12. Nbd2 b5 13. a3 Nc6 14. Bc2
Bb7 15. Nb1 a5 16. b3 cxb3 17. Bxb3 Qc7 18. h3 a4 19. Bc2 Rfc8 20. Bd3 Na5
21. Bxb5 Nb3 22. Bb2 Nxa1 23. Bxa1 Qc2 24. Qxc2 Rxc2 25. Bd3 Ra2 26. Nbd2
Bxa3 27. Bc4 Rc2 { White forfeits on time } 0-1